 Dungeon Crawl Stone Soup version 0.24.1-14-gf8d2b509d9 (webtiles) character file.

Game seed: 1690055201803385913, levelgen mode: deterministic

70 Hugehornet the Chopper (level 4, -3/28 HPs)
             Began as a Gargoyle Fighter on May 25, 2020.
             Killed by divine providence
             ... invoked by an orc priest
              (13 damage)
             ... on level 3 of the Dungeon.
             The game lasted 00:02:13 (1916 turns).

Hugehornet the Chopper (Gargoyle Fighter)           Turns: 1916, Time: 00:02:14

Health: -3/28      AC: 10    Str: 19    XL:     4   Next: 22%
Magic:  4/4        EV:  7    Int: 10    God:
Gold:   67         SH:  9    Dex:  9    Spells: 3/3 levels left

rFire    . . .     SeeInvis .   a - +0 war axe
rCold    . . .     Gourm    .   c - +0 shield
rNeg     + . .     Faith    .   b - +0 scale mail
rPois    ∞         Spirit   .   (no helmet)
rElec    +         Reflect  .   (no cloak)
rCorr    .         Harm     .   (no gloves)
MR       .....                  (no boots)
Stlth    ..........             (no amulet)
HPRegen  0.09/turn              (no ring)
MPRegen  0.09/turn              (no ring)

@: no status effects
A: negative energy resistance 1, electricity resistance, unbreathing,
petrification resistance, rot immunity, AC +3
a: no special abilities


You were on level 3 of the Dungeon.
You were not hungry.

You visited 1 branch of the dungeon, and saw 3 of its levels.

You collected 67 gold pieces.

Inventory:

Hand Weapons
 a - a +0 war axe (weapon)
Armour
 b - a +0 scale mail (worn)
 c - a +0 shield (worn)
Jewellery
 i - an uncursed ring of resist corrosion
Scrolls
 e - 2 scrolls of remove curse {unknown}
 g - a scroll of enchant weapon {unknown}
 h - a scroll of fear {unknown}
 j - a scroll of identify {unknown}
Potions
 d - a potion of might
Comestibles
 f - 5 rations
 k - a chunk of flesh


   Skills:
 - Level 3.2 Fighting
 + Level 4.0 Axes
 - Level 3.2 Armour
 - Level 3.2 Shields


You had 3 spell levels left.
You didn't know any spells.
Your spell library was empty.

Dungeon Overview and Level Annotations

Branches:
Dungeon (3/15)

Altars:
Sif Muna


Innate Abilities, Weirdness & Mutations

You are resistant to torment.
Your stone body is resilient. (AC +3)
You are immune to poison.
You resist negative energy. (rN+)
You are resistant to electric shocks. (rElec)
You can survive without breathing.
You are immune to petrification.
You are immune to rotting.


Message History

The orc is severely wounded.
Your shield and scale mail prevent you from hitting the goblin.
You closely miss the orc. The goblin hits you but does no damage.
You block the orc's attack.
The orc priest looks encouraged for a moment.
The orc hits you but does no damage. You block the goblin's attack.
The orc priest calls down the wrath of Beogh upon you.
Pain shoots through your body! You block the goblin's attack.
The orc barely misses you.
You slash the orc priest!
The orc priest is heavily wounded.
You barely miss the orc.
Your shield and scale mail prevent you from hitting the orc.
Your shield and scale mail prevent you from hitting the goblin.
You block the orc priest's attack. The orc hits you with a +0 hand axe.
The orc completely misses you. The goblin hits you but does no damage.
The orc barely misses you.
The orc priest mumbles some strange prayers to Beogh against you.
Beogh smites you!
You die...

#....)#.##......)###
#.....#>............
#..............>....
#####............###
######...............
#.............##.....
#.......)....†##.....
#..oo.......†........
#..g@......#####.....
#..o.......# ###<##
#..........# #....
#..........# #....
#..........# #....
#..........# .....
#..........# #.....
############ #.....
#.....


You could see an orc priest, 2 orcs and a goblin.

Vanquished Creatures
  An adder (D:3)
  2 oozes
  A worm (D:3)
  A leopard gecko (D:2)
  7 giant cockroaches
  6 hobgoblins
  4 jackals (D:2)
  6 kobolds
  3 bats
  A frilled lizard (D:1)
  5 goblins
  A quokka skeleton (D:2)
  7 rats
45 creatures vanquished.

Notes
Turn   | Place    | Note
-------+----------+-------------------------------------------
     0 | D:1      | Hugehornet the Gargoyle Fighter began the quest for the
                  | Orb.
     0 | D:1      | Reached XP level 1. HP: 14/14 MP: 1/1
    50 | D:1      | Reached skill level 2 in Axes
    86 | D:1      | Reached XP level 2. HP: 19/19 MP: 2/2
   345 | D:1      | Reached skill level 3 in Axes
   522 | D:1      | Reached XP level 3. HP: 20/23 MP: 3/3
  1673 | D:2      | Found a shimmering blue altar of Sif Muna.
  1774 | D:3      | Reached XP level 4. HP: 20/28 MP: 4/4
  1901 | D:3      | Reached skill level 4 in Axes
  1916 | D:3      | Killed from afar by an orc priest

Levels and vault maps discovered:
D:1:      dpeg_arrival_arbitrary_a, layout_basic
D:2:      layout_loops_corners, lemuel_blue_sif_altar, first_ration
D:3:      layout_basic, gammafunk_ghost_mausoleum

Skill      XL: |  1  2  3  4 |
---------------+-------------+-----
Axes           | 2 3 4 |  4.0
Fighting       | |  3.2
Armour         | |  3.2
Shields        | |  3.2

Action                   |  1- 3 |  4- 6 || total
-------------------------+-------+-------++-------
Melee: War axe           |   152 |    21 ||   173
  Eat: Chunk             |     3 |     1 ||     4
Armor: Scale mail        |    92 |    18 ||   110
Dodge: Dodged            |    57 |    14 ||    71
Block: Shield            |    66 |     8 ||    74
